 Dungeon Crawl Stone Soup version 0.20-a0-792-g09bcfd3 (webtiles) character file.

23 esteth the Poker (level 3, -3/27 HPs)
             Began as a Merfolk Skald on Feb 28, 2017.
             Slain by a gnoll
             ... wielding a +0 flail
              (8 damage)
             ... on level 1 of the Dungeon.
             The game lasted 00:02:59 (1445 turns).

esteth the Poker (Merfolk Skald)                    Turns: 1445, Time: 00:02:59

Health: -3/27      AC:  3    Str: 11    XL:     3   Next: 0%
Magic:  5/6        EV: 12    Int: 12    God:
Gold:   43         SH:  0    Dex: 14    Spells: 3/6 levels left

rFire    . . .     SeeInvis .   a - +0 spear
rCold    . . .     Gourm    .   b - +0 leather armour
rNeg     . . .     Faith    .   (no shield)
rPois    .         Spirit   .   (no helmet)
rElec    .         Reflect  .   (no cloak)
rCorr    .         Harm     .   (no gloves)
MR       .....                  (no boots)
Stlth    +.........             (no amulet)
Regen    0.1/turn               (no ring)
MPRegen  0.1/turn               (no ring)

@: no status effects
A: change form in water, swift swim, stealthy swim
a: no special abilities


You were on level 1 of the Dungeon.
You were not hungry.

You visited 1 branch of the dungeon, and saw 2 of its levels.

You collected 43 gold pieces.

Inventory:

Hand Weapons
 a - a +0 spear (weapon)
Missiles
 j - 8 exploding tomahawks (quivered)
Armour
 b - a +0 leather armour (worn)
Scrolls
 e - a scroll of identify
 h - a scroll of recharging
 i - a scroll of teleportation
Books
 c - a book of Battle

   Spells                             Type                      Level
   a - Infusion                       Charms                       1
   b - Shroud of Golubria             Charms/Translocation         2
   c - Song of Slaying                Charms                       2
   d - Spectral Weapon                Hexes/Charms                 3
   e - Regeneration                   Charms/Necromancy            3
Comestibles
 d - a bread ration
 g - 3 meat rations


   Skills:
 - Level 2.1 Fighting
 + Level 4.9 Polearms
 - Level 0.6 Armour
 - Level 2.6 Dodging
 - Level 2.0 Spellcasting
 - Level 3.2 Charms


You had 3 spell levels left.
You knew the following spells:

 Your Spells              Type           Power        Failure   Level  Hunger
a - Infusion              Chrm           #...         12%         1    ##.....
b - Shroud of Golubria    Chrm/Tloc      #.........   30%         2    ###....


Dungeon Overview and Level Annotations

Branches:
Dungeon (2/15)

Altars:


Message History

You barely miss the gnoll. You closely miss the gnoll.
The gnoll barely misses you.
You hit the gnoll.
The gnoll is lightly wounded.
The gnoll hits you with a flail.
You barely miss the gnoll.
The gnoll is lightly wounded.
The gnoll hits you with a flail!
* * * LOW HITPOINT WARNING * * *
Your magical infusion is running out.
You are no longer magically infusing your attacks.
Your magical contamination has completely faded away.
There is an open door here.
There is a stone staircase leading up here.
The gnoll hits you with a flail!
* * * LOW HITPOINT WARNING * * *
You climb upwards.
There is a stone staircase leading down here.
The gnoll hits you with a flail!
You die...

#..... ########.##.# ##
#........##.# .# #.######.##.#
.# #.#....#.#... .# ###
#(#.##.#.#.## .#
#######.###(#.##.###.#
.##########....##.#...(......#.#
................@>#.#.#†######.#
.##########....##g#.#.#......#.#
.# #....##.#.#.######.#.# .#
#######.#.#.# #.#.# .# #.#.#.#
#.#.# .# #.#.#.# #.#.# .#
#.#)#.# #.#.# .#
#.#.#.######.#.# .###
#.#.......##.#.#


You could see a gnoll.

Vanquished Creatures
  A dart slug (D:1)
  A leopard gecko (D:1)
  A giant cockroach (D:1)
  A goblin (D:1)
  2 hobgoblins (D:1)
  3 jackals (D:1)
  2 kobolds (D:1)
  3 bats (D:1)
  2 frilled lizards (D:1)
  3 rats
19 creatures vanquished.

Notes
Turn   | Place    | Note
-------+----------+-------------------------------------------
     0 | D:1      | esteth the Merfolk Skald began the quest for the Orb.
     0 | D:1      | Reached XP level 1. HP: 16/16 MP: 3/3
   392 | D:1      | Reached skill level 4 in Polearms
   392 | D:1      | Reached XP level 2. HP: 18/22 MP: 5/5
  1372 | D:2      | Reached XP level 3. HP: 27/27 MP: 6/6
  1392 | D:2      | Learned a level 2 spell: Shroud of Golubria
  1445 | D:1      | Slain by a gnoll

Vault maps used:
D:1:      tarquinn_simple_flora_water_e
D:2:      chequers_ecumenical_altar_twisty

Skill      XL: |  1 |
---------------+----+-----
Polearms       | 4 |  4.9
Fighting       | |  2.1
Armour         | |  0.6
Dodging        | |  2.6
Spellcasting   | |  2.0
Charms         | |  3.2

Action                   || total
-------------------------++-------
Melee: Spear             ||   103
 Cast: Shroud of Golubri ||     1
       Infusion          ||     1
  Use: Potion            ||     2
       Scroll            ||     5
 Stab: Sleeping          ||     2
  Eat: Chunk             ||     2
Armor: Leather armour    ||    24
Dodge: Dodged            ||    85
